 Dungeon Crawl Stone Soup version 0.31-a0-95-g6fa058ef04 (webtiles) character file.

Game seed: 15040306602501096559

440 IdlyInterested the Trooper (level 6, 0/52 HPs)
             Began as a Demonspawn Wanderer on May 25, 2023.
             Splashed by a jelly's acid (10 damage)
             ... on level 4 of the Dungeon.
             The game lasted 00:08:54 (2688 turns).

IdlyInterested the Trooper (Demonspawn Wanderer)    Turns: 2688, Time: 00:08:54

Health: 0/52       AC: 14    Str: 13    XL:     6   Next: 70%
Magic:  7/7        EV:  6    Int: 18    God:
Gold:   225        SH:  0    Dex:  9    Spells: 6/7 levels left

rFire   . . .        a - +2 mace
rCold   . . .        (no shield)
rNeg    . . .        v - +0 chain mail
rPois   .            m - +2 helmet
rElec   .            (no cloak)
rCorr   .            (no gloves)
SInv    .            j - +0 pair of boots
Will    .....        (no amulet) Stlth
                     o - ring of flight
HPRegen 0.28/turn    (no ring)
MPRegen 0.10/turn

%: no passive effects
@: flying
A: yellow scales 1, foul stench 1, demonic touch 2
a: no special abilities


You were on level 4 of the Dungeon.
You visited 1 branch of the dungeon, and saw 4 of its levels.

You collected 225 gold pieces.

Inventory:

Hand Weapons
 a - a +2 mace (weapon)
 c - a +0 dagger
 u - a +0 flail
 w - a +1 vampiric dagger
Missiles
 b - 11 boomerangs (quivered)
 f - 42 stones
 i - 2 javelins
Armour
 e - a +0 robe
 g - a +0 ring mail
 j - a +0 pair of boots (worn)
 m - a +2 helmet (worn)
 v - a +0 chain mail (worn)
Magical Staves
 q - a staff of air
Jewellery
 o - a ring of flight (left hand)
Wands
 t - a wand of iceblast (7)
 x - a wand of mindburst (7)
Scrolls
 h - a scroll of vulnerability {unknown}
 l - 5 scrolls of teleportation
 s - a scroll of enchant weapon {unknown}
Potions
 d - 4 potions of curing
 k - 2 potions of lignification
 n - 2 potions of brilliance {unknown}
 p - a potion of cancellation
 r - 2 potions of haste


   Skills:
 * Level 6.1 Fighting
 - Level 2.6(2.9) Maces & Flails
 * Level 1.3(2.2) Staves
 - Level 1.0 Throwing
 - Level 1.0 Armour
 - Level 1.0 Dodging
 - Level 1.0 Stealth
 - Level 1.0 Spellcasting
 + Level 2.9 Transmutations
 - Level 1.0 Air Magic
 - Level 1.0 Evocations


You had 6 spell levels left.
You knew the following spells:

 Your Spells              Type           Power      Damage    Failure   Level
a - Beastly Appendage     Tmut           22%        N/A       80%         1

Your spell library contained the following spells:

 Spells                   Type           Power      Damage    Failure   Level
 Ignite Poison            Fire/Tmut/Pois 3%         N/A       100%        3


Dungeon Overview and Level Annotations

Branches:
Dungeon (4/15)
 Temple: D:4-7

Altars:
Cheibriados
Xom

Shops:
D:3 [   D:4 :[


Innate Abilities, Weirdness & Mutations

You are partially covered in yellow scales. (AC +2)
You may rarely emit foul miasma when damaged in melee.
Your touch may inflict irresistible damage on your foes.


Message History

The orc barely misses you. The orc hits you with a +0 hand axe.
The orc priest barely misses you.
You barely miss the orc priest.
The orc priest is lightly wounded.
The orc hits you but does no damage. The orc barely misses you.
The orc priest hits you but does no damage.
You hit the orc priest.
You touch the orc priest!
You kill the orc priest!
The orc hits you but does no damage. x2
You closely miss the orc. The orc barely misses you. x3
The orc hits you but does no damage.
A jelly comes into view.
You hit the orc but do no damage. Your touch misses the orc.
The orc hits you but does no damage. x2
You barely miss the orc. The orc hits you but does no damage. x2
You hit the orc but do no damage. Your touch misses the orc.
The orc hits you but does no damage. The orc hits you with a +0 hand axe.
The orc hits you but does no damage. x2
A goblin comes into view. It is wielding a +0 dagger.
You thump the orc!
The orc is almost dead.
The orc barely misses you. The orc hits you but does no damage.
You hit the orc.
You kill the orc!
The orc hits you with a +0 hand axe.
The goblin unwields a +0 dagger.
The goblin wields a +0 sling.
The goblin shoots a sling bullet.
The sling bullet hits you.
You hit the jelly.
Your hands burn!
* * * LOW HITPOINT WARNING * * *
The jelly is lightly wounded.
The orc hits you but does no damage. The jelly hits you but does no damage.
You sock the jelly!
Your hands burn!
* * * LOW HITPOINT WARNING * * *
The jelly is severely wounded.
The jelly hits you but does no damage. The orc hits you but does no damage.
The goblin unwields a +0 sling.
The goblin wields a +0 dagger.
The goblin hits you but does no damage. The jelly hits you.
* * * LOW HITPOINT WARNING * * *
You are splashed with acid!
You die...

#.... ... ##.#.
#.. # ## ###.>####
.#..)....#
.........##
#.∩..## . ##....##
....######.##..#
......J@g.....##
.#...###o......##
###. ####.......#
+....##.#.......##
#.....<.........#
######...........#
#.......##....#
#........##..###
...........####


You could see a jelly, an orc and a goblin.

Vanquished Creatures
  2 scorpions
  An iron imp (D:3)
  2 orc priests (D:4)
  An iguana (D:4)
  2 orc wizards (D:4)
  Robin (D:3)
  4 adders
  3 worms
  10 orcs
  4 bats (D:1)
  9 endoplasms
  3 giant cockroaches
  9 hobgoblins
  4 jackals (D:1)
  11 kobolds
  A quokka (D:4)
  9 ball pythons
  4 frilled lizards
  15 goblins
  5 rats
100 creatures vanquished.

Notes
Turn   | Place    | Note
-------+----------+-------------------------------------------
     0 | D:1      | IdlyInterested the Demonspawn Wanderer began the quest for
                  | the Orb.
     0 | D:1      | IdlyInterested set off with the following items: a +2 mace,
                  | 9 boomerangs, a +0 dagger, a potion of curing, a +0 robe;
                  | and the following spell memorised: Beastly Appendage; and
                  | the following spells available to memorise: Ignite Poison.
     0 | D:1      | Reached XP level 1. HP: 16/16 MP: 2/2
   112 | D:1      | Gained mutation: Your touch may inflict minor irresistible
                  | damage on your foes. [demonic ancestry]
   112 | D:1      | Reached XP level 2. HP: 10/23 MP: 3/3
   273 | D:1      | Reached skill level 1 in Evocations
   537 | D:1      | Reached skill level 3 in Fighting
   676 | D:1      | Found a faded altar of an unknown god.
   793 | D:2      | Gained mutation: You are partially covered in yellow
                  | scales. (AC +2) [demonic ancestry]
   793 | D:2      | Reached XP level 3. HP: 29/29 MP: 4/4
   971 | D:2      | Reached skill level 1 in Dodging
  1075 | D:2      | Gained mutation: Your touch may inflict irresistible damage
                  | on your foes. [demonic ancestry]
  1075 | D:2      | Reached XP level 4. HP: 33/37 MP: 5/5
  1556 | D:3      | Found a shimmering altar of Xom.
  1698 | D:3      | Found Oconwo's Armour Shop.
  1700 | D:3      | Noticed a scorpion
  1712 | D:3      | Killed a scorpion
  1713 | D:3      | Reached skill level 4 in Fighting
  1713 | D:3      | Reached skill level 1 in Armour
  1713 | D:3      | Reached XP level 5. HP: 43/43 MP: 6/6
  2175 | D:3      | Noticed Robin
  2180 | D:3      | Killed Robin
  2181 | D:3      | Reached skill level 5 in Fighting
  2330 | D:3      | Found a snail-covered altar of Cheibriados.
  2337 | D:3      | Reached skill level 1 in Stealth
  2472 | D:4      | Found Qeax Dia's Book Shop.
  2583 | D:4      | Reached skill level 1 in Air Magic
  2583 | D:4      | Gained mutation: You may rarely emit foul miasma when
                  | damaged in melee. [demonic ancestry]
  2583 | D:4      | Reached XP level 6. HP: 47/52 MP: 7/7
  2601 | D:4      | Reached skill level 6 in Fighting
  2604 | D:4      | Reached skill level 1 in Staves
  2648 | D:4      | Found Xysamisue's Antique Armour Boutique.
  2688 | D:4      | Splashed by a jelly's acid

Illustrated notes

Levels and vault maps discovered:
D:1:      amcnicky_arrival_underground_garden, layout_loops_ring,
          shapermc_ecumenical_altar_mp_vishouse
D:2:      layout_basic
D:3:      layout_loops_ring, xom_confusion_cloud, slow_altar_2, serial_shops,
          nicolae_shop_scrapyard, uniq_robin
D:4:      layout_cave_pools, serial_shops, shop, shop, minivault_26,
          grunt_ministairs_14, chequers_decorated_corner, minmay_misc_feat_doors

Skill      XL: |  1  2  3  4  5  6 |
---------------+-------------------+-----
Evocations     | 1 |  1.0
Fighting       | 3 4 5 6 |  6.1
Dodging        | 1 |  1.0
Armour         | 1 |  1.0
Stealth        | 1 |  1.0
Air Magic      | 1 |  1.0
Staves         | 1 |  1.3
Maces & Flails | |  2.6
Throwing       | |  1.0
Spellcasting   | |  1.0
Transmutations | |  2.9

Action                     |  1- 3 |  4- 6 || total
---------------------------+-------+-------++-------
  Melee: Mace              |   100 |   139 ||   239
         Touch             |    11 |    20 ||    31
  Throw: Boomerang         |     4 |     6 ||    10
    Use: Scroll            |     3 |     1 ||     4
         Potion            |       |     2 ||     2
 Armour: Robe              |    29 |       ||    29
         Ring mail         |     2 |    70 ||    72
         Chain mail        |       |    38 ||    38
  Dodge: Dodged            |    66 |    83 ||   149

Table legend: (Time is in decaauts)
 A = Elapsed time spent in this place.
 B = Non-inter-level travel time spent in this place.
 C = Inter-level travel time spent in this place.
 D = Time resting spent in this place.
 E = Time spent auto-exploring this place.
 F = Levels seen in this place.
 G = Mean time per level.
                   A        B        C        D        E       F      G
               +--------+--------+--------+--------+--------+-----+--------+
         Total |   2737 |   2423 |    314 |    240 |   1308 |   4 |  684.2 |
       Dungeon |   2737 |   2423 |    314 |    240 |   1308 |   4 |  684.2 |
               +--------+--------+--------+--------+--------+-----+--------+

Top non-repeatable levels by time:
     D:3: 883 daAuts
     D:1: 843 daAuts
     D:2: 791 daAuts
     D:4: 218 daAuts
